 Dungeon Crawl Stone Soup version 0.25-a0-1079-g858b6a6ff6 (webtiles) character file.

Game seed: 15810891292886875999, levelgen mode: deterministic

3762 Gwenloh the Blocker (level 9, -3/123 HPs)
             Began as a Minotaur Fighter on May 15, 2020.
             Was a Follower of Qazlal.
             Slain by a komodo dragon (8 damage)
             ... on level 8 of the Dungeon.
             The game lasted 00:20:13 (7891 turns).

Gwenloh the Blocker (Minotaur Fighter)              Turns: 7891, Time: 00:20:14

Health: -3/123     AC: 24    Str: 21    XL:     9   Next: 94%
Magic:  8/8        EV:  2    Int:  5    God:    Qazlal [*.....]
Gold:   374        SH: 14    Dex: 13    Spells: 8/8 levels left

rFire    . . .     SeeInvis .   x - +4 broad axe (elec)
rCold    . . .     Gourm    .   c - +1 kite shield
rNeg     + + +     Faith    .   (armour currently unavailable)
rPois    +         Spirit   .   (helmet currently unavailable)
rElec    .         Reflect  .   (cloak currently unavailable)
rCorr    .         Harm     .   (gloves currently unavailable)
MR       .....     NoTele   +   (boots currently unavailable)
Stlth    +.........             (no amulet)
HPRegen  0.30/turn              (no ring)
MPRegen  0.11/turn              (no ring)

@: tree-form
A: (retaliatory headbutt)
a: Renounce Religion


You were on level 8 of the Dungeon.
You worshipped Qazlal.
Qazlal was aware of your devotion.
You were not hungry.
You were a tree.
You visited 2 branches of the dungeon, and saw 9 of its levels.

You collected 493 gold pieces.
You spent 119 gold pieces at shops.

Inventory:

Hand Weapons
 a - a +0 war axe
 x - a +4 broad axe of electrocution (weapon)
 C - a +0 flail
Missiles
 l - 33 poisoned darts (quivered)
 r - 4 boomerangs
 s - 43 sling bullets
 v - 153 stones
Armour
 b - a +1 scale mail (melded)
 c - a +1 kite shield (worn)
 p - a +0 cloak (melded)
 w - a +0 hat (melded)
 D - a +0 plate armour
Scrolls
 e - 5 scrolls of teleportation
 g - a scroll of amnesia
 k - 2 scrolls of fear
 o - a scroll of summoning
 q - 5 scrolls of remove curse
 u - a scroll of fog {unknown}
 y - 4 scrolls of blinking
Potions
 d - 2 potions of might
 i - a potion of curing
 j - 2 potions of flight
 m - a potion of stabbing {unknown}
 n - a potion of cancellation {unknown}
 t - 2 potions of lignification
 A - 2 potions of haste {unknown}
 B - a potion of mutation {unknown}
Comestibles
 f - 10 rations


   Skills:
 * Level 8.9 Fighting
 + Level 6.1 Axes
 * Level 8.9 Armour
 * Level 7.2 Dodging
 * Level 8.9 Shields


You had 8 spell levels left.
You didn't know any spells.
Your spell library contained the following spells:

 Spells                   Type           Power        Failure   Level  Hunger
 Animate Skeleton         Necr           N/A          75%         1    ##.....
 Apportation              Tloc           #.....       75%         1    ##.....
 Corona                   Hex            #......      75%         1    ##.....
 Pain                     Necr           #...         75%         1    ##.....
 Summon Small Mammal      Summ           #...         75%         1    ##.....
 Poisonous Vapours        Pois/Air       #.....       86%         2    ###....
 Conjure Flame            Conj/Fire      #.......     98%         3    ####...
 Mephitic Cloud           Conj/Pois/Air  #.......     98%         3    ####...
 Vampiric Draining        Necr           #.........   98%         3    ####...
 Animate Dead             Necr           N/A          100%        4    #####..
 Agony                    Necr           #.......     100%        5    ######.
 Freezing Cloud           Conj/Ice/Air   #.........   100%        6    #######
 Ring of Flames           Chrm/Fire      #.........   100%        7    #######


Dungeon Overview and Level Annotations

Branches:
Dungeon (8/15)             Temple (0/1) D:6            Lair (1/6) D:8

Altars:
Cheibriados
Elyvilon
Fedhas
Gozag
Kikubaaqudgha
Makhleb
Nemelex Xobeh
Qazlal
Trog
Uskayaw
Vehumet
Wu Jian
Zin
The Shining One

Shops:
D:5 (   D:6 [

Annotations:
D:7 2 runed translucent doors, p0werm0de's ghost, novice DDFi
D:8 exclusion: ice statue


Innate Abilities, Weirdness & Mutations

((You reflexively headbutt those who attack you in melee.))
((You have a pair of horns on your head.))


Message History

The komodo dragon bites you but does no damage.
You closely miss the komodo dragon.
The komodo dragon is severely wounded.
The komodo dragon bites you but does no damage.
You slice the komodo dragon!!
Lightning courses through the komodo dragon!
You kill the komodo dragon!
Qazlal accepts your kill. The komodo dragon bites you!!
* * * LOW HITPOINT WARNING * * *
Your shield prevents you from hitting the komodo dragon.
The komodo dragon is lightly wounded.
You block the komodo dragon's attack.
You closely miss the komodo dragon.
The komodo dragon is lightly wounded.
The komodo dragon bites you but does no damage.
Your shield prevents you from hitting the komodo dragon.
The komodo dragon is lightly wounded.
The komodo dragon bites you!
You die...

#.# #.#
#............##.....# #.#
#.# #.#.........###⌠...⌠#
#.# #.#
#.###.......####..#.# #.#
#.# #.###...............#
#.#
#.###..###...#........#.#
#.#
#...............#.#.#.#.#
#.#
######.#####..#.......#.#
#.# ##..####.>..........##
#.# #.....♣ll.......###..##
#># #######'#########.#<#
#.... #.#
##...##...##...###.#.###..##
#.#
#<.♣....♣....♣.<##.##....##
#.#
##...##...##...###.#####.##
#.##########.####### #.##
#...## #.........##.## #..#
#....> ###########...# ##.#
#...##
#.♣.#########.########


You could see a komodo dragon and an iguana.

Vanquished Creatures
  A komodo dragon (D:8)
  Grinder (D:6)
  Prince Ribbit (D:6)
  A queen bee (D:8)
  A hippogriff (D:7)
  An orc warrior (D:7)
  A sky beast (D:5)
  A necrophage (D:7)
  3 ice beasts
  2 black bears (D:7)
  4 ogres
  A centaur (D:3)
  3 bullfrogs
  Blork the orc (D:4)
  4 scorpions
  14 killer bees (D:8)
  A crimson imp (D:8)
  A centaur zombie (D:5)
  A quasit (D:8)
  3 hounds
  A jelly (D:6)
  Crazy Yiuf (D:2)
  A bullfrog skeleton (D:6)
  A centaur skeleton (D:7)
  An orc wizard (D:6)
  2 worker ants
  A hound skeleton (D:8)
  A worker ant zombie (D:8)
  5 adders
  2 shadow imps
  An adder zombie (D:5)
  3 worms
  3 dart slugs
  6 leopard geckos
  18 orcs
  A ball python (D:2)
  7 bats
  4 giant cockroaches
  4 goblins
  2 hobgoblins (D:3)
  10 jackals
  2 kobolds (D:3)
  3 frilled lizards
  A leopard gecko zombie (D:6)
  A quokka zombie (D:6)
  8 rats
136 creatures vanquished.

Notes
Turn   | Place    | Note
-------+----------+-------------------------------------------
     0 | D:1      | Gwenloh the Minotaur Fighter began the quest for the Orb.
     0 | D:1      | Reached XP level 1. HP: 19/19 MP: 0/0
   348 | D:1      | Reached XP level 2. HP: 24/27 MP: 1/1
   910 | D:2      | Reached skill level 1 in Dodging
   922 | D:2      | Found a runed translucent door.
   923 | D:2      | Noticed Crazy Yiuf
  1052 | D:2      | Reached XP level 3. HP: 20/33 MP: 2/2
  1862 | D:2      | Killed Crazy Yiuf
  1862 | D:2      | Reached XP level 4. HP: 32/40 MP: 3/3
  2246 | D:3      | Noticed a centaur
  2261 | D:3      | Killed a centaur
  2261 | D:3      | Reached XP level 5. HP: 35/47 MP: 4/4
  2414 | D:3      | Found a snail-covered altar of Cheibriados.
  2818 | D:4      | Found a stormy altar of Qazlal.
  2826 | D:4      | Became a worshipper of Qazlal Stormbringer
  2871 | D:4      | Reached skill level 5 in Fighting
  2871 | D:4      | Reached skill level 5 in Armour
  2871 | D:4      | Reached skill level 5 in Shields
  2871 | D:4      | Reached XP level 6. HP: 56/56 MP: 5/5
  3130 | D:4      | Noticed Blork the orc
  3148 | D:4      | Killed Blork the orc
  3296 | D:4      | Found a hide-covered altar of Uskayaw.
  3297 | D:4      | Noticed a +0 hand axe
  3298 | D:4      | Noticed a +0 hand axe
  3683 | D:4      | Reached XP level 7. HP: 38/61 MP: 6/6
  3953 | D:5      | Entered Level 5 of the Dungeon
  4283 | D:5      | Found Gucecoex's Antique Weapon Shoppe.
  4289 | D:5      | Bought a glowing broad axe for 119 gold pieces
  4758 | D:5      | Found a burning altar of Makhleb.
  4828 | D:6      | Found an ornate altar of the Wu Jian Council.
  4968 | D:6      | Reached XP level 8. HP: 71/71 MP: 7/7
  5023 | D:6      | Noticed Grinder
  5036 | D:6      | Killed Grinder
  5144 | D:6      | Reached skill level 5 in Dodging
  5156 | D:6      | Found Madabb Ucut's Armour Shop.
  5352 | D:6      | Noticed Prince Ribbit
  5522 | D:6      | Found a staircase to the Ecumenical Temple.
  5684 | D:6      | Killed Prince Ribbit
  5684 | D:6      | Reached skill level 5 in Axes
  5981 | D:7      | Reached XP level 9. HP: 79/79 MP: 8/8
  5988 | D:7      | Found a bloodstained altar of Trog.
  6160 | D:7      | Found a glowing silver altar of Zin.
  6162 | D:7      | Found a radiant altar of Vehumet.
  6162 | D:7      | Found a white marble altar of Elyvilon.
  6173 | D:7      | Found a glowing golden altar of the Shining One.
  6177 | D:7      | Found an ancient bone altar of Kikubaaqudgha.
  6520 | D:7      | Reached * piety under Qazlal
  6624 | D:7      | Found a sparkling altar of Nemelex Xobeh.
  6625 | D:7      | Found an opulent altar of Gozag.
  6714 | D:7      | Found a large runed translucent door.
  6716 | D:7      | Found a large runed translucent door.
  6718 | D:7      | Noticed p0werm0de's ghost (novice DDFi)
  6801 | D:8      | Found a staircase to the Lair.
  6823 | D:8      | Noticed an ice statue
  7274 | D:8      | Found a blossoming altar of Fedhas.
  7403 | D:8      | Noticed a queen bee
  7420 | D:8      | Killed a queen bee
  7866 | Lair:1   | Entered Level 1 of the Lair of Beasts
  7870 | Lair:1   | Noticed a komodo dragon
  7871 | Lair:1   | Noticed a komodo dragon
  7875 | Lair:1   | Noticed a komodo dragon
  7888 | D:8      | Killed a komodo dragon
  7888 | D:8      | HP: 4/123 [komodo dragon (19)]
  7891 | D:8      | Slain by a komodo dragon

Illustrated notes

Levels and vault maps discovered:
D:1:      denvon_arrival_planthouse, layout_basic
D:2:      layout_loops_cross, uniq_crazy_yiuf_cottage
D:3:      layout_basic, kennysheep_slug_shrine, first_ration
D:4:      layout_basic, dancing_weapons_uskayaw, grunt_qazlal_sundering,
          uniq_blork_the_orc
D:5:      layout_loops_ring, serial_shops, shop, makhleb_heckhound_becter
D:6:      layout_basic, lemuel_round_altar, minmay_temple_entry_mini_moons,
          serial_shops, shop, uniq_grinder, uniq_prince_ribbit1
D:7:      layout_loops_ring, grunt_temple_overflow_opulence,
          trog_ov_bears_minmay, minmay_overflow_temple_star_hex,
          ebering_ghost_disaster_area, minivault_27
D:8:      lemuel_ice_statue, layout_loops_ring, lair_entry_dummy, basic_altar,
          grunt_ministairs_5, david_nohive_1
Lair:1:   beast_lair_carwin_large_4, layout_hall_layers, serial_bayou_shore_a,
          grunt_megastairs_5

Skill      XL: |  1  2  3  4  5  6  7  8  9 |
---------------+----------------------------+-----
Dodging        | 1 2 3 4 5 7 |  7.2
Armour         | 4 5 6 7 8 |  8.9
Shields        | 4 5 6 7 8 |  8.9
Fighting       | 4 5 6 7 8 |  8.9
Axes           | 3 4 5 6 |  6.1

Action                   |  1- 3 |  4- 6 |  7- 9 || total
-------------------------+-------+-------+-------++-------
Melee: War axe           |    99 |    79 |    26 ||   204
       Headbutt          |    11 |    11 |    29 ||    51
       Broad axe         |       |       |   147 ||   147
Throw: Dart              |       |    71 |    42 ||   113
       Boomerang         |       |    10 |    59 ||    69
  Use: Potion            |     1 |       |     6 ||     7
       Scroll            |       |       |    12 ||    12
  Eat: Chunk             |     3 |     5 |    11 ||    19
       Ration            |       |       |     1 ||     1
Armor: Scale mail        |    37 |    22 |    75 ||   134
       Skin              |       |       |     3 ||     3
Dodge: Dodged            |    39 |    28 |   102 ||   169
Block: Kite shield       |    41 |    40 |   147 ||   228

Table legend:
 A = Non-vault XP
 B = Vault XP
 C = Vault XP percentage of total XP
 D = Non-vault monster count
 E = Vault monster count
 F = Vault count percentage of total count
                 A         B        C        D         E       F
            +---------+---------+-------+---------+---------+-------
      Total |    2642 |    2733 |  50.8 |     109 |      27 |  19.9
            +---------+---------+-------+---------+---------+-------
        D:1 |      21 |       0 |   0.0 |      11 |       0 |   0.0
        D:2 |      67 |      42 |  38.5 |      21 |       1 |   4.5
        D:3 |     186 |       4 |   2.1 |      27 |       1 |   3.6
        D:4 |     519 |      90 |  14.8 |       8 |       1 |  11.1
        D:5 |     316 |      43 |  12.0 |       8 |       1 |  11.1
        D:6 |     579 |     551 |  48.8 |      20 |       2 |   9.1
        D:7 |     670 |     254 |  27.5 |       8 |       2 |  20.0
        D:8 |     284 |    1653 |  85.3 |       6 |      18 |  75.0
     Lair:1 |       0 |      96 | 100.0 |       0 |       1 | 100.0
            +---------+---------+-------+---------+---------+-------
